 Dungeon Crawl Stone Soup version 0.32-a0-876-gcfddb08e57 (webtiles) character file.

Game seed: 13526750404492637229

193 rvierbuc the Cutter (level 5, 0/41 HPs)
             Began as a Demonspawn Gladiator on Apr 1, 2024.
             Incinerated by a bombardier beetle (6 damage)
             ... with a burning spray
             ... on level 3 of the Dungeon.
             The game lasted 00:09:20 (2464 turns).

rvierbuc the Cutter (Demonspawn Gladiator)          Turns: 2464, Time: 00:09:21

Health: 0/41       AC:  9    Str: 14    XL:     5   Next: 44%
Magic:  5/5        EV:  9    Int:  9    God:
Gold:   158        SH:  8    Dex: 20    Spells: 4/4 levels left

rFire   x . .        v - +0 dagger (speed)
rCold   + . .        l - +0 kite shield
rNeg    . . .        m - +0 ring mail
rPois   .            r - +1 helmet
rElec   .            y - +0 cloak
rCorr   .            (no gloves)
SInv    .            z - +0 pair of boots
Will    .....        u - amulet of regeneration
Stlth   ++           h - ring of flight
HPRegen 1.06/turn    p - ring of ice
MPRegen 0.09/turn

%: no passive effects
@: on fire, flying, glowing
A: thin skeletal structure 2, powered by pain 1, weakness stinger 1
a: no special abilities


You were on level 3 of the Dungeon.
You visited 1 branch of the dungeon, and saw 3 of its levels.

You collected 158 gold pieces.

Inventory:

Hand Weapons
 a - a +0 rapier
 f - a +1 antimagic whip
 v - a +0 dagger of speed (weapon)
 B - a +3 quarterstaff of chaos
Missiles
 d - 3 throwing nets
 e - 9 javelins (quivered)
 w - 3 poisoned darts
Armour
 l - a +0 kite shield (worn)
 m - a +0 ring mail (worn)
 o - a scarf of shadows
 r - a +1 helmet (worn)
 y - a +0 cloak (worn)
 z - a +0 pair of boots (worn)
Magical Staves
 A - a staff of alchemy
Jewellery
 c - a ring of resist corrosion
 h - a ring of flight (left hand)
 p - a ring of ice (right hand)
 s - an amulet of faith
 u - an amulet of regeneration (around neck)
Scrolls
 b - a scroll of brand weapon {unknown}
 i - 2 scrolls of immolation {unknown}
 j - 2 scrolls of identify {unknown}
 k - 2 scrolls of amnesia {unknown}
 t - a scroll of teleportation {unknown}
 x - a scroll of revelation {unknown}
Potions
 g - 5 potions of might {unknown}
 n - 3 potions of heal wounds {unknown}
 q - 2 potions of berserk rage {unknown}


   Skills:
 + Level 3.3 Fighting
 + Level 3.6 Short Blades
 + Level 3.0 Throwing
 + Level 3.6 Dodging


You had 4 spell levels left.
You didn't know any spells.
Your spell library contained the following spells:

 Spells                   Type           Power      Damage    Failure   Level
 Dazzling Flash           Conj/Hex       0%         N/A       100%        3
 Mephitic Cloud           Conj/Alch/Air  0%         N/A       100%        3
 Curse of Agony           Necr           0%         N/A       100%        5
 Silence                  Hex/Air        0%         N/A       100%        5


Dungeon Overview and Level Annotations

Branches:
Dungeon (3/15)

Altars:
Gozag


Innate Abilities, Weirdness & Mutations

You have a moderately thin skeletal structure. (Dex +4, Stealth++)
You sometimes gain a little power by taking damage.
You have a small tail.


Message History

The bombardier beetle is heavily wounded.
The liquid fire burns you!
You hit the bombardier beetle but do no damage.
You tail-slap the bombardier beetle, but do no damage.
The bombardier beetle is heavily wounded.
The liquid fire burns you!
You hit the bombardier beetle.
The bombardier beetle is severely wounded.
The liquid fire burns you!
You block the bombardier beetle's attack.
You barely miss the bombardier beetle.
The bombardier beetle is severely wounded.
The liquid fire burns you!
You are too injured to fight recklessly!
You are too injured to fight recklessly!
You are too injured to fight recklessly!
You are too injured to fight recklessly!
You hit the bombardier beetle but do no damage.
The bombardier beetle is severely wounded.
The liquid fire burns you!
The bombardier beetle sprays incendiary fluid at you.
The burning spray hits you.
You are even more covered in liquid fire!
You hit the bombardier beetle but do no damage.
The bombardier beetle is severely wounded.
The liquid fire burns you!
You hit the bombardier beetle.
The bombardier beetle is almost dead.
The liquid fire burns you!
* * * LOW HITPOINT WARNING * * *
The bombardier beetle completely misses you.
You hit the bombardier beetle.
You kill the bombardier beetle!
The liquid fire burns you!
* * * LOW HITPOINT WARNING * * *
Your Throwing skill increases to level 3!
Found a stone staircase leading down.
You shake off some of the fire as you move.
The liquid fire burns you!
You die...

########## #..).....#
#........#
#........###############
#........#..............
#........#..............
#........#...........[..
#..>.....#......@.......
...§.....#..............
§≈≈≈≈≈...#..............
.§§...≈..'.............>
#####.≈§.#..............
#...(.§..#..............
#._.#.≈..###+###.######+#
....#.§......# #.# #.#
#####§≈...######.######.#


There were no monsters in sight!

Vanquished Creatures
  A bombardier beetle (D:3)
  Crazy Yiuf (D:3)
  An iguana (D:3)
  Robin (D:2)
  2 adders
  A ribbon worm (D:2)
  3 dart slugs
  4 orcs (D:3)
  5 endoplasms
  3 giant cockroaches
  6 hobgoblins
  2 jackals (D:3)
  4 kobolds
  2 quokkas (D:1)
  3 ball pythons
  2 bats
  3 frilled lizards (D:1)
  15 goblins
  2 rats
61 creatures vanquished.

Notes
Turn   | Place    | Note
-------+----------+-------------------------------------------
     0 | D:1      | rvierbuc the Demonspawn Gladiator began the quest for the
                  | Orb.
     0 | D:1      | Reached XP level 1. HP: 16/16 MP: 1/1
   219 | D:1      | Gained mutation: You sometimes gain a little power by
                  | taking damage. [demonic ancestry]
   219 | D:1      | Reached XP level 2. HP: 22/22 MP: 2/2
   345 | D:1      | Found a faded altar of an unknown god.
   937 | D:2      | Noticed Robin
   959 | D:2      | Gained mutation: You have a small tail. [demonic ancestry]
   959 | D:2      | Reached XP level 3. HP: 9/28 MP: 3/3
  1132 | D:2      | Killed Robin
  1255 | D:2      | Gained mutation: You have a somewhat thin skeletal
                  | structure. (Dex +2, Stealth+) [demonic ancestry]
  1255 | D:2      | Reached XP level 4. HP: 34/34 MP: 4/4
  1908 | D:3      | Found an opulent altar of Gozag.
  2301 | D:3      | Found a runed translucent door.
  2302 | D:3      | Noticed Crazy Yiuf
  2323 | D:3      | Killed Crazy Yiuf
  2324 | D:3      | Gained mutation: You have a moderately thin skeletal
                  | structure. (Dex +4, Stealth++) [demonic ancestry]
  2324 | D:3      | Reached XP level 5. HP: 29/41 MP: 0/5
  2464 | D:3      | Incinerated by a bombardier beetle

Illustrated notes

Levels and vault maps discovered:
D:1:      matt_arrival_los_fun, layout_rooms, basic_ecumenical_altar,
          serial_bayou_lake_a
D:2:      layout_basic, uniq_robin
D:3:      layout_basic, mainiacjoe_overflow_brackets, uniq_crazy_yiuf_cottage

Skill      XL: |  1  2  3  4  5 |
---------------+----------------+-----
Throwing       | 2 3 |  3.0
Short Blades   | 3 |  3.6
Dodging        | 3 |  3.6
Fighting       | 3 |  3.3

Action                     |  1- 3 |  4- 6 || total
---------------------------+-------+-------++-------
  Melee: Rapier            |   130 |    25 ||   155
         Tailslap          |     6 |    13 ||    19
         Dagger            |       |    62 ||    62
  Throw: Javelin           |       |     7 ||     7
   Stab: Sleeping          |       |     1 ||     1
 Armour: Leather armour    |    15 |       ||    15
         Ring mail         |   103 |    45 ||   148
  Dodge: Dodged            |    83 |    25 ||   108
  Block: Kite shield       |    75 |    32 ||   107

Table legend: (Time is in decaauts)
 A = Elapsed time spent in this place.
 B = Non-inter-level travel time spent in this place.
 C = Inter-level travel time spent in this place.
 D = Time resting spent in this place.
 E = Time spent auto-exploring this place.
 F = Levels seen in this place.
 G = Mean time per level.
                   A        B        C        D        E       F      G
               +--------+--------+--------+--------+--------+-----+--------+
         Total |   2493 |   2452 |     41 |    117 |   1720 |   3 |  831.0 |
       Dungeon |   2493 |   2452 |     41 |    117 |   1720 |   3 |  831.0 |
               +--------+--------+--------+--------+--------+-----+--------+

Top non-repeatable levels by time:
     D:2: 1032 daAuts
     D:3: 773 daAuts
     D:1: 686 daAuts
